Map: Chantier naval orbital

Players

Worming

  • Race: Zerg Zerg
  • League: Diamond

François - Winner!

  • Race: Protoss Protoss
  • League: Diamond

VOD

Have the link to the VOD?

Description

Time

  • Played on: March 8, 2016, 5:16 a.m.
  • Length: 16:02
Show
View Real Time Build Order
Export as new Build Order

Worming Zerg 

Build Orders: Hatch First 

Get SALT Encoding   

  12  0:01  Drone  
  13  0:12  Overlord  
  13  0:19  Drone  
  14  0:30  Drone x2  
  14  0:34  Drone  
  17  0:54  Hatchery  
  16  1:03  Drone x2  
  18  1:07  Extractor  
  17  1:15  Spawning Pool  
  16  1:19  Drone  
  16  1:21  Drone  
  18  1:34  Drone  
  19  1:43  Drone  
  20  2:02  Queen  
  20  2:05  Overlord  
  20  2:06  Queen  
  20  2:07  Zergling x2  
  20  2:08  Zergling x2  
  26  2:11  Metabolic Boost  
  26  2:26  Drone x3  
  29  2:32  Drone x2  
  31  2:55  Hatchery  
  30  2:59  Drone x5  
  34  3:13  Drone x2  
  35  3:28  Drone  
  34  3:35  Drone x2  
  34  3:40  Overlord x2  
  36  3:44  Overlord  
  36  3:58  Drone x5  
  36  4:02  Queen  
  43  4:03  Queen  
  43  4:04  Drone  
  46  4:11  Drone x8, Evolution Chamber  
  46  4:12  Evolution Chamber  
  52  4:18  Extractor  
  52  4:19  Extractor  
  52  4:20  Drone x2  
  52  4:29  Drone x2  
  52  4:31  Zergling x2  
  55  4:36  Zergling x2  
  55  4:38  Zerg Melee Weapons Level 1, Zerg Ground Armor Level 1  
  56  4:43  Zergling x2  
  56  4:44  Zergling x8  
  61  4:48  Zergling x6  
  64  4:56  Spore Crawler  
  64  4:58  Spore Crawler  
  62  5:01  Spore Crawler  
  62  5:02  Zergling x4  
  62  5:03  Zergling x6  
  62  5:05  Lair  
  64  5:36  Drone x2  
  64  5:38  Overlord x4  
  66  5:50  Extractor  
  66  5:52  Drone  
  66  5:55  Overlord x2  
  66  5:58  Drone x2  
  66  6:00  Drone x5, Extractor  
  66  6:02  Drone x3  
  75  6:04  Drone  
  75  6:05  Drone x4  
  75  6:09  Hatchery  
  79  6:17  Queen x2  
  74  6:37  Infestation Pit  
  73  6:40  Extractor  
  70  7:01  Drone x3  
  70  7:02  Zergling x6  
  70  7:03  Zergling x16  
  85  7:10  Hatchery  
  85  7:12  Zerg Melee Weapons Level 2, Zerg Ground Armor Level 2  
  85  7:14  Queen, Hive  
  84  7:30  Drone x14, Roach Warren  
  97  7:49  Spore Crawler x2  
  94  7:53  Spore Crawler  
  93  7:59  Overlord  
  93  8:00  Overlord x4  
  88  8:09  Zergling x32  
  103  8:25  Adrenal Glands  
  102  8:31  Ultralisk Cavern  
  102  8:33  Spore Crawler  
  99  8:37  Roach  
  99  8:38  Roach x15  
  99  8:40  Glial Reconstitution  
  131  8:43  Zergling x2  
  131  8:44  Zergling x4  
  131  8:47  Drone x4  
  138  8:54  Drone x3  
  141  8:56  Drone x4  
  145  9:20  Chitinous Plating  
  145  9:23  Zergling x8, Roach x2  
  145  9:24  Roach x6  
  161  9:39  Zerg Ground Armor Level 3, Zerg Melee Weapons Level 3  
  161  9:52  Extractor  
  160  9:54  Extractor  
  160  9:56  Drone x3  
  160  9:57  Drone x3  
  160  9:58  Overlord x4  
  160  9:59  Overlord x2  
  165  10:06  Hatchery  
  170  10:28  Ultralisk x5  
  170  10:29  Ultralisk  
  195  11:19  Spire  
  141  11:42  Zergling x14, Ultralisk  
  141  11:43  Zergling x2, Ultralisk x7  
  141  11:44  Zergling x14  
  196  11:53  Spore Crawler x2  
  194  11:54  Drone x3  
  194  11:56  Spore Crawler  
  196  12:03  Spire  
  196  12:04  Drone x4  
  185  12:46  Zergling x18  
  185  12:47  Zergling x2, Ultralisk  
  196  13:06  Drone x4  
  199  13:14  Extractor  
  199  13:15  Extractor  
  190  13:22  Zergling x2  
  190  13:26  Zergling x22  
  199  13:30  Zerg Flyer Armor Level 1, Zerg Flyer Weapons Level 1  
  191  13:43  Zerg Missile Weapons Level 1  
  191  13:52  Zergling x8  
  191  13:53  Zergling x8  
  167  14:22  Zergling x18  
  167  14:23  Zergling x10, Ultralisk x7  
  167  14:24  Zergling x6, Ultralisk x2  
  162  14:37  Hydralisk Den  
  161  14:47  Hatchery  
  161  14:52  Ultralisk x2  
  190  14:53  Ultralisk x3  
  158  15:32  Hatchery  
  148  15:44  Zergling x2  
  148  15:45  Zergling x2  
Show
View Real Time Build Order
Export as new Build Order

François Protoss - Winner!

Build Orders: 1 Gate Expand 

Get SALT Encoding   

  12  0:01  Probe (Chrono Boost)  
  13  0:11  Probe (Chrono Boost)  
  14  0:22  Probe (Chrono Boost), Pylon  
  15  0:40  Probe (Chrono Boost)  
  15  0:41  Gateway  
  16  0:51  Probe (Chrono Boost)  
  16  0:53  Assimilator  
  17  1:01  Probe (Chrono Boost)  
  18  1:12  Probe (Chrono Boost)  
  19  1:22  Probe (Chrono Boost)  
  20  1:29  Nexus  
  20  1:37  Cybernetics Core  
  20  1:41  Assimilator  
  20  1:47  Pylon  
  20  1:53  Probe (Chrono Boost)  
  21  2:05  Probe (Chrono Boost)  
  22  2:13  Warp Gate, Adept  
  25  2:15  Probe (Chrono Boost)  
  25  2:26  Mothership Core (Chrono Boost)  
  27  2:40  Pylon  
  27  2:43  Gateway  
  27  2:51  Probe x2 (Chrono Boost)  
  28  3:05  Probe (Chrono Boost)  
  29  3:15  Probe (Chrono Boost)  
  29  3:16  Probe (Chrono Boost)  
  31  3:26  Probe x2 (Chrono Boost)  
  33  3:27  Stargate  
  33  3:32  Adept  
  33  3:36  Probe (Chrono Boost)  
  33  3:37  Probe (Chrono Boost)  
  35  3:43  Assimilator  
  35  3:47  Probe (Chrono Boost)  
  35  3:48  Probe (Chrono Boost), Assimilator  
  37  3:58  Probe x2 (Chrono Boost)  
  39  4:08  Probe x2 (Chrono Boost)  
  41  4:13  Phoenix (Chrono Boost)  
  43  4:22  Nexus  
  43  4:24  Pylon x2  
  43  4:28  Adept  
  43  4:29  Adept  
  47  4:37  Phoenix (Chrono Boost)  
  49  4:39  Probe  
  50  4:52  Adept x2  
  50  4:56  Probe  
  50  4:58  Phoenix (Chrono Boost)  
  50  4:59  Probe  
  58  5:08  Probe  
  58  5:11  Probe  
  60  5:17  Robotics Facility  
  60  5:18  Robotics Facility  
  60  5:20  Phoenix (Chrono Boost)  
  62  5:23  Probe  
  62  5:25  Probe  
  64  5:37  Probe, Adept x2  
  64  5:42  Pylon  
  69  5:46  Probe  
  69  5:47  Probe  
  71  5:52  Probe  
  71  5:54  Pylon  
  71  5:56  Probe  
  72  6:03  Probe x2  
  74  6:06  Immortal  
  83  6:11  Immortal  
  83  6:12  Probe  
  83  6:14  Assimilator  
  83  6:15  Probe  
  83  6:17  Probe  
  85  6:23  Probe, Twilight Council  
  85  6:25  Gateway  
  87  6:27  Adept x2  
  87  6:31  Probe  
  88  6:45  Probe  
  88  6:46  Probe  
  94  6:49  Immortal (Chrono Boost)  
  92  6:56  Probe  
  92  6:58  Immortal (Chrono Boost)  
  97  7:02  Assimilator  
  97  7:04  Phoenix  
  97  7:05  Forge  
  99  7:08  Forge  
  99  7:10  Templar Archives  
  99  7:14  Pylon  
  99  7:16  Pylon  
  99  7:18  Gateway  
  99  7:21  Gateway  
  99  7:32  Immortal (Chrono Boost)  
  103  7:37  Protoss Ground Armor Level 1 (Chrono Boost)  
  103  7:39  Gateway, Protoss Ground Weapons Level 1 (Chrono Boost)  
  103  7:41  Gateway  
  102  8:06  Psionic Storm  
  102  8:13  Immortal  
  102  8:14  Immortal  
  102  8:17  High Templar x3  
  116  8:20  Pylon  
  116  8:23  Pylon  
  116  8:33  Nexus  
  116  8:35  Pylon x2  
  116  8:37  Charge (Chrono Boost), Pylon  
  116  8:44  Pylon  
  116  8:46  Assimilator  
  116  8:48  High Templar x2  
  120  8:50  Assimilator  
  120  9:01  Zealot x5  
  120  9:02  Pylon  
  130  9:04  Observer (Chrono Boost)  
  130  9:06  Observer (Chrono Boost)  
  130  9:08  Probe, Pylon  
  132  9:10  Gateway, Probe x2  
  132  9:12  Gateway  
  132  9:14  Photon Cannon  
  135  9:17  Gateway  
  135  9:35  Nexus  
  134  9:38  Zealot x2  
  134  9:39  Zealot x3  
  134  9:41  Immortal (Chrono Boost)  
  134  9:44  Pylon  
  148  9:55  Pylon  
  148  9:56  Protoss Ground Weapons Level 2 (Chrono Boost), Pylon, Protoss Ground Armor Level 2 (Chrono Boost)  
  148  10:02  Immortal  
  148  10:04  Photon Cannon  
  152  10:12  High Templar, Pylon  
  154  10:23  Zealot x5  
  154  10:24  Zealot  
  154  10:26  Pylon  
  154  10:27  Pylon  
  166  10:40  Zealot x3  
  172  10:47  Warp Prism  
  172  10:58  High Templar x2  
  172  10:59  High Templar x5  
  172  11:00  Probe  
  172  11:02  Gateway, Probe  
  188  11:05  Gateway, Archon x2  
  188  11:06  Archon  
  188  11:12  Zealot x3  
  188  11:15  Photon Cannon  
  188  11:18  Photon Cannon  
  194  11:19  Photon Cannon  
  154  11:44  Immortal (Chrono Boost)  
  154  11:45  Stalker x2  
  154  11:46  Stalker x4  
  170  11:50  Probe  
  170  11:52  Immortal (Chrono Boost)  
  171  11:58  Protoss Ground Weapons Level 3 (Chrono Boost), Protoss Ground Armor Level 3 (Chrono Boost)  
  175  12:15  Pylon  
  175  12:31  Dark Shrine  
  175  12:38  Nexus  
  161  12:50  Immortal (Chrono Boost)  
  139  12:55  Immortal (Chrono Boost)  
  139  12:58  High Templar x4  
  143  12:59  High Templar  
  143  13:05  Archon x2  
  149  13:10  Nexus  
  149  13:19  High Templar x2  
  151  13:20  Zealot x4  
  151  13:24  Archon  
  159  13:28  Immortal (Chrono Boost)  
  161  13:37  Immortal (Chrono Boost)  
  161  13:39  Zealot  
  161  13:40  Zealot x3  
  165  14:02  Zealot x2  
  164  14:03  Zealot x4  
  164  14:04  Zealot x3  
  169  14:21  Probe x2  
  169  14:23  Immortal (Chrono Boost)  
  145  14:38  High Templar x3, Warp Prism (Chrono Boost)  
  147  14:39  High Templar  
  155  14:52  Probe x2, Assimilator  
  157  14:53  Assimilator  
  150  15:15  Zealot x5  
  150  15:19  Nexus  
  152  15:29  Zealot x3  
  142  15:35  Zealot  
  142  15:36  High Templar x2  
  143  16:00  Archon  
Tags
 
Add a new tag
Caveats
  • Supply blocks, unpowered buildings, or Contaminate may cause inaccurate times.
  • Supply counts are checked every 10 seconds.